 Dungeon Crawl Stone Soup version 0.31-a0-344-gd109795599 (webtiles) character file.

Game seed: 10337342957125722962

20243 AdnanSaban the Protected (level 12, -1/77 HPs)
             Began as a Gargoyle Fighter on July 22, 2023.
             Was the Champion of Okawaru.
             Shot with an arrow by Nessos (6 damage)
             ... on level 12 of the Dungeon.
             The game lasted 00:31:53 (15535 turns).

AdnanSaban the Protected (Gargoyle Fighter)        Turns: 15535, Time: 00:31:53

Health: -1/77      AC: 31    Str: 24    XL:     12   Next: 77%
Magic:  0/12       EV:  9    Int: 10    God:    Okawaru [******]
Gold:   808        SH:  7    Dex: 15    Spells: 11/11 levels left

rFire   . . .        n - +2 whip (venom)
rCold   . . .        c - +0 buckler
rNeg    + . .        E - +0 plate armour
rPois   ∞            e - +2 hat
rElec   +            (no cloak)
rCorr   .            m - +2 pair of gloves
SInv    .            h - +0 pair of boots
Will    .....        b - amulet of guardian spirit Stlth
                     g - +6 ring of dexterity
HPRegen 0.32/turn    (no ring)
MPRegen 0.13/turn

%: guardian spirit
@: no status effects
A: sickness immunity, AC +8, negative energy resistance 1, electricity
resistance, torment resistance 1, petrification resistance
a: Renounce Religion, Heroism, Finesse, Duel


You were on level 12 of the Dungeon.
You worshipped Okawaru.
Okawaru was exalted by your worship.
You visited 2 branches of the dungeon, and saw 13 of its levels.
You also visited: Sewer.

You collected 808 gold pieces.

Inventory:

Hand Weapons
 n - a +2 whip of venom (weapon)
 K - a +1 vampiric whip
Missiles
 L - an atropa-tipped dart (quivered)
Armour
 c - a +0 buckler (worn)
 e - a +2 hat (worn)
 h - a +0 pair of boots (worn)
 m - a +2 pair of gloves (worn)
 E - a +0 plate armour (worn)
Jewellery
 b - an amulet of guardian spirit (around neck)
 g - a +6 ring of dexterity (left hand)
 F - a ring of ice
Wands
 C - a wand of flame (26)
 J - a wand of polymorph (5)
Scrolls
 f - 11 scrolls of identify {unknown}
 i - 2 scrolls of fog {unknown}
 l - 2 scrolls of revelation {unknown}
 o - a scroll of enchant armour {unknown}
 p - a scroll of immolation {unknown}
 r - 3 scrolls of vulnerability {unknown}
 s - 5 scrolls of poison {unknown}
 u - a scroll of amnesia {unknown}
 v - 4 scrolls of enchant weapon {unknown}
 y - a scroll of fear {unknown}
 z - a scroll of torment {unknown}
 A - a scroll of brand weapon {unknown}
 I - a scroll of blinking {unknown}
Potions
 a - 4 potions of curing
 d - 2 potions of might
 j - 3 potions of lignification {unknown}
 k - 5 potions of heal wounds {unknown}
 q - 2 potions of attraction {unknown}
 t - a potion of berserk rage {unknown}
 w - 2 potions of enlightenment {unknown}
 x - 4 potions of haste
 B - 3 potions of magic {unknown}
 D - a potion of degeneration {unknown}
 G - 2 potions of invisibility {unknown}
 H - a potion of mutation {unknown}
 M - a potion of brilliance {unknown}


   Skills:
 + Level 9.8 Fighting
 + Level 12.3 Maces & Flails
 + Level 0.1 Throwing
 + Level 12.4 Armour
 + Level 4.0 Dodging
 + Level 10.3 Shields


You had 11 spell levels left.
You didn't know any spells.
Your spell library contained the following spells:

 Spells                   Type           Power      Damage    Failure   Level
 Apportation              Tloc           0%         N/A       99%         1
 Freeze                   Ice            0%         1d3       99%         1
 Kiss of Death            Conj/Necr      0%         2d5       99%         1
 Magic Dart               Conj           0%         1d3       99%         1
 Necrotise                Necr           0%         1d4       99%         1
 Sting                    Tmut/Pois      0%         1d3       99%         1
 Scorch                   Fire           0%         2d5       99%         2
 Searing Ray              Conj           0%         2d4       99%         2
 Wereblood                Tmut           0%         N/A       99%         2
 Confusing Touch          Hex            0%         N/A       100%        3
 Frozen Ramparts          Ice            0%         1d1       100%        3
 Hailstorm                Conj/Ice       0%         3d3       100%        3
 Ignite Poison            Fire/Tmut/Pois 0%         N/A       100%        3
 Inner Flame              Hex/Fire       0%         N/A       100%        3
 Mephitic Cloud           Conj/Pois/Air  0%         N/A       100%        3
 Vhi's Electric Charge    Tloc/Air       0%         N/A       100%        3
 Dispel Undead            Necr           0%         3d6       100%        4
 Flame Wave               Conj/Fire      0%         2d4       100%        4
 Fulminant Prism          Conj/Hex       0%         3d5       100%        4
 Petrify                  Tmut/Erth      0%         N/A       100%        4
 Sticky Flame             Conj/Fire      0%         2d3       100%        4
 Arcjolt                  Conj/Air       0%         1d10      100%        5
 Freezing Cloud           Conj/Ice/Air   0%         6-21      100%        5
 Yara's Violent Unravell  Hex/Tmut       0%         3d3       100%        5
 Maxwell's Capacitive Co  Air            0%         ∞         100%        8
 Summon Small Mammal      Summ           Unusable   N/A       N/A         1
 Call Imp                 Summ           Unusable   N/A       N/A         2
 Cigotuvi's Dreadful Rot  Necr/Pois/Air  Unusable   N/A       N/A         2
 Sublimation of Blood     Necr           Unusable   N/A       N/A         2
 Summon Cactus Giant      Summ           Unusable   N/A       N/A         6
 Summon Hydra             Summ           Unusable   N/A       N/A         7

Dungeon Overview and Level Annotations

Branches:
Dungeon (12/15)            Temple (1/1) D:5            Lair (0/5) D:11
    Orc (0/2) D:10          Sewer (visited)

Altars:
Ashenzari
Cheibriados
Dithmenos
Elyvilon
Fedhas
Gozag
Hepliaklqana
Kikubaaqudgha
Makhleb
Nemelex Xobeh
Okawaru
Qazlal
Ru
Sif Muna
Trog
Uskayaw
Vehumet
Wu Jian
Xom
Yredelemnul
Zin
The Shining One

Shops:
D:1 (

Annotations:
D:2 1 runed translucent door, Crazy Yiuf
D:3 1 runed translucent door, Turtleman12345's ghost, amateur DrSh
D:10 exclusion: orange crystal statue
D:12 3 runed translucent doors, MrAu's ghost, journeyman DrMo; Nessos


Innate Abilities, Weirdness & Mutations

You are immune to sickness and miasma.
Your stone body is resilient. (AC +8)
You are immune to poison.
You resist negative energy. (rN+)
You are resistant to electric shocks. (rElec)
You are resistant to unholy torment.
You are immune to petrification.


Message History

The arrow hits you. The arrow burns you.
Nessos unwields a +1 longbow of flaming.
It stops flaming.
Nessos hits you but does no damage. Nessos closely misses you.
Nessos hits you but does no damage. Nessos barely misses you.
You whack Nessos!
Nessos is lightly wounded.
Nessos mumbles some strange words.
Nessos blinks!
Found 8 gold pieces.
Nessos wields a +1 longbow of flaming.
It bursts into flame!
Nessos shoots an arrow.
The arrow misses you.
Nessos mumbles some strange words.
Nessos blinks!
Nessos shoots an arrow.
The arrow hits you. The arrow burns you.
A boulder beetle comes into view.
Nessos mumbles some strange words.
Nessos blinks!
Nessos shoots an arrow.
You block the arrow.
Nessos shoots an arrow.
The arrow hits you but does no damage.
Nessos shoots an arrow.
The arrow hits you! The arrow burns you.
Nessos shoots an arrow.
The arrow hits you but does no damage.
The boulder beetle curls into a ball and begins rolling!
Nessos shoots an arrow.
The arrow hits you! The arrow burns you.
Nessos unwields a +1 longbow of flaming.
It stops flaming.
You block Nessos's attack. Nessos kicks you but does no damage.
The boulder beetle hits you!
* * * LOW HITPOINT WARNING * * *
The boulder beetle stops rolling and uncurls.
Nessos gestures wildly while chanting.
Nessos blinks!
You feel like a meek peon again.
Nessos wields a +1 longbow of flaming.
It bursts into flame!
Nessos shoots an arrow.
The arrow hits you.
* * * LOW HITPOINT WARNING * * *
The arrow burns you.
* * * LOW HITPOINT WARNING * * *
Nessos shoots an arrow.
You block the arrow.
The boulder beetle leaps!
Nessos shoots an arrow.
The arrow hits you!
* * * LOW HITPOINT WARNING * * *
The arrow burns you.
You die...

................#
.......}....c...#
...............$#
.....##.........#
..............#
..............#
.......○.....####
###..B........(.#
.........@...##.#
################....##.####
♣....♣♣.♣♣♣...♣#..........#
.≈≈≈....♣♣P.♣.♣#....##.##.#
.~~)♣.♣.♣P≈~≈..#....# #
♣♣..♣.♣....).P♣#...###.##
♣♣♣♣♣♣.♣♣♣♣♣♣♣#........#
♣.♣ ######........# ♣.♣
#.............#


You could see a boulder beetle and Nessos (fast).

Vanquished Creatures
  Erica (D:8)
  A centaur warrior (D:10)
  3 two-headed ogres
  A skeletal warrior (D:12)
  A deep elf pyromancer (D:11)
  4 cyclopes
  An ugly thing (D:11)
  A manticore (D:12)
  Joseph (D:8)
  A gargoyle (D:12)
  2 komodo dragons (D:11)
  Psyche (D:10)
  A kobold demonologist (D:9)
  2 unseen horrors
  A troll (D:7)
  A hornet (D:9)
  8 slime creatures
  4 shadows
  4 wyverns
  3 ynoxinuls (D:9)
  12 yaks
  5 wraiths
  A human (D:10)
  2 vampire mosquitoes (D:11)
  5 acid dragons
  6 water moccasins
  3 ice beasts
  Pargi (Sewer)
  3 sky beasts
  8 orc warriors
  3 centaurs
  2 ogres
  3 phantoms
  5 kobold brigands
  3 bullfrogs
  3 gnoll sergeants
  6 scorpions
  3 wights (D:10)
  6 killer bees
  2 howler monkeys
  5 hounds
  3 jellies
  6 orc priests
  3 sleepcaps
  2 iguanas
  8 orc wizards
  14 gnolls
  A river rat (D:6)
  8 adders
  3 white imps
  6 ufetubi
  A worm (D:2)
  2 dart slugs
  48 orcs
  8 endoplasms
  7 giant cockroaches
  8 goblins
  4 hobgoblins
  6 jackals
  28 kobolds
  3 quokkas
  13 ball pythons
  4 bats
  3 frilled lizards (D:1)
  5 rats
323 creatures vanquished.

Notes
Turn   | Place    | Note
-------+----------+-------------------------------------------
     0 | D:1      | AdnanSaban the Gargoyle Fighter began the quest for the
                  | Orb.
     0 | D:1      | Reached XP level 1. HP: 14/14 MP: 1/1
   129 | D:1      | Reached XP level 2. HP: 16/19 MP: 2/2
   221 | D:1      | Found Wyden's Antique Weapon Shoppe.
   427 | D:1      | Reached XP level 3. HP: 23/23 MP: 3/3
   785 | D:2      | Found a faded altar of an unknown god.
  1317 | D:2      | Found a runed translucent door.
  1318 | D:2      | Noticed Crazy Yiuf
  1402 | D:2      | Reached XP level 4. HP: 29/29 MP: 4/4
  1624 | D:3      | Found a runed translucent door.
  1633 | D:3      | Noticed Turtleman12345's ghost (amateur DrSh)
  2259 | D:4      | Noticed a phantom
  2267 | D:4      | Noticed a scorpion
  2294 | D:4      | Noticed a scorpion
  2307 | D:3      | Killed a scorpion
  2308 | D:3      | Reached XP level 5. HP: 21/33 MP: 5/5
  2395 | D:3      | Killed a phantom
  2396 | D:3      | Reached skill level 1 in Dodging
  2396 | D:3      | Reached XP level 6. HP: 25/38 MP: 6/6
  2573 | D:4      | Noticed a water moccasin
  2592 | D:4      | Killed a water moccasin
  2768 | D:4      | Reached XP level 7. HP: 43/43 MP: 7/7
  3058 | D:4      | Found an ornate altar of the Wu Jian Council.
  3187 | D:5      | Entered Level 5 of the Dungeon
  3430 | D:5      | Reached skill level 5 in Armour
  3582 | D:5      | Found a staircase to the Ecumenical Temple.
  3591 | Temple   | Entered the Ecumenical Temple
  3662 | Temple   | Became a worshipper of Warmaster Okawaru
  3850 | D:5      | Reached skill level 5 in Maces & Flails
  3897 | D:4      | Reached skill level 5 in Shields
  3921 | D:5      | Reached XP level 8. HP: 36/48 MP: 8/8
  4039 | D:5      | Reached * piety under Okawaru
  4506 | D:5      | Reached skill level 5 in Fighting
  5050 | D:6      | Found a glowing drain.
  5064 | Sewer    | Entered a sewer
  5184 | Sewer    | Noticed Pargi
  5196 | Sewer    | Killed Pargi
  5400 | D:6      | Reached XP level 9. HP: 35/54 MP: 9/9
  5775 | D:6      | Reached ** piety under Okawaru
  6891 | D:7      | Reached *** piety under Okawaru
  7618 | D:8      | Reached XP level 10. HP: 61/61 MP: 10/10
  7623 | D:8      | Noticed Joseph
  7649 | D:8      | Killed Joseph
  7737 | D:8      | Noticed Erica
  7763 | D:8      | Killed Erica
  7763 | D:8      | Reached **** piety under Okawaru
  8072 | D:9      | Found a shimmering altar of Xom.
  8325 | D:9      | Noticed a two-headed ogre
  8349 | D:9      | Killed a two-headed ogre
  8349 | D:9      | Reached ***** piety under Okawaru
  8398 | D:9      | Found a glowing golden altar of the Shining One.
  8425 | D:9      | Noticed a cyclops
  8441 | D:9      | Killed a cyclops
  8442 | D:9      | Reached skill level 10 in Maces & Flails
  8737 | D:9      | Reached XP level 11. HP: 64/67 MP: 11/11
  9456 | D:8      | HP: 2/68 [troll (4)]
  9476 | D:7      | HP: 2/68 [troll (6)]
  9707 | D:8      | Reached skill level 10 in Armour
  9867 | D:9      | Found a shadowy altar of Dithmenos.
 10171 | D:9      | Found a sacrificial altar of Ru.
 10172 | D:9      | Found a glowing silver altar of Zin.
 10289 | D:9      | Found a burning altar of Makhleb.
 10389 | D:10     | Entered Level 10 of the Dungeon
 10970 | D:10     | Identified the +0 robe of the Curupira {rElec rN+}
 10978 | D:10     | Noticed a cyclops
 11095 | D:10     | Killed a cyclops
 11176 | D:10     | Found a staircase to the Orcish Mines.
 11674 | D:10     | Noticed an orange crystal statue
 11849 | D:10     | Got the Enchiridion on Flesh
 11850 | D:10     | Noticed a centaur warrior
 11873 | D:10     | Killed a centaur warrior
 11873 | D:10     | Received a gift from Okawaru
 12353 | D:11     | Found a staircase to the Lair.
 12360 | D:11     | Noticed a cyclops
 12558 | D:11     | Noticed a cyclops
 12580 | D:11     | Killed a cyclops
 12698 | D:11     | Identified the +1 robe "Ohujym" {rPois}
 12791 | D:11     | Reached XP level 12. HP: 63/75 MP: 8/12
 12869 | D:11     | Reached ****** piety under Okawaru
 13085 | D:11     | Noticed Psyche
 13381 | D:10     | Killed Psyche
 13381 | D:10     | Received a gift from Okawaru
 13571 | D:11     | Noticed a two-headed ogre
 13592 | D:11     | Killed a two-headed ogre
 14122 | D:12     | Noticed a two-headed ogre
 14149 | D:11     | Killed a two-headed ogre
 14251 | D:12     | Identified the +0 chain mail of the Kappa {Str+2 Int+2}
                  | (Okawaru gifted it to you on level 12 of the Dungeon)
 14251 | D:12     | Received a gift from Okawaru
 14252 | D:12     | Reached skill level 10 in Shields
 14929 | D:12     | Noticed a two-headed ogre
 15438 | D:12     | Found a runed translucent gate.
 15438 | D:12     | Found a runed translucent gate.
 15438 | D:12     | Found a runed translucent gate.
 15499 | D:12     | Noticed MrAu's ghost (journeyman DrMo)
 15523 | D:12     | Noticed Nessos
 15529 | D:12     | Noticed a boulder beetle
 15535 | D:12     | Shot with an arrow by Nessos

Illustrated notes

Levels and vault maps discovered:
D:1:      nicolae_arrival_memento_mori, layout_loops_ring, serial_shops,
          shop_fountains, minivault_24
D:2:      layout_loops_ring, ebering_ecumenical_altar_hall,
          uniq_crazy_yiuf_cottage
D:3:      layout_basic, serial_glass, glass_columns_b, glass_columns_a,
          ebering_ghost_reflecting_pool
D:4:      layout_loops_ring, nzn_wu_jian_council_hall, minmay_vboxes
D:5:      minmay_recursive_quarters, layout_loops_cross,
          lemuel_temple_firewalk_b
D:6:      layout_cave_pods, portal_sewer_entry_b, minmay_pentangle
D:7:      layout_rooms, serial_glass, glass_columns_b, glass_columns_c,
          glass_columns_a, glass_columns_a
D:8:      layout_basic, chequers_avenue, uniq_joseph, uniq_erica
D:9:      layout_irregular_city, lemuel_doored_altar,
          mainiacjoe_overflow_surrounded_room, mainiacjoe_overflow_divided_tiny,
          hangedman_feature_mirror, nicolae_fort_ynox
D:10:     layout_long_grid, erik_orc_4, minivault_15
D:11:     layout_loops_cross, minmay_lair_entry_grove,
          kennysheep_generic_room_7, uniq_psyche
D:12:     nzn_winding_woodlands_stair_trap
          [nzn_winding_woodlands_5x15_split_checker,
          nzn_winding_woodlands_5x15_default,
          nzn_winding_woodlands_5x15_concentric,
          nzn_winding_woodlands_15x15_eel_pit,
          nzn_winding_woodlands_5x15_default,
          nzn_winding_woodlands_5x15_default,
          nzn_winding_woodlands_5x15_pathside_ponds], layout_basic,
          gammafunk_ghost_spectres, uniq_nessos
Temple:   minmay_temple_bridge_d

Skill      XL: |  1  2  3  4  5  6  7  8  9 10 11 12 |
---------------+-------------------------------------+-----
Maces & Flails | 3 4 5 6 8 10 11 12 | 12.3
Shields        | 4 5 6 7 8 9 10 | 10.3
Fighting       | 4 5 6 7 8 9 |  9.8
Armour         | 4 5 6 7 9 11 12 | 12.4
Dodging        | 1 2 3 4 |  4.0
Throwing       | |  0.1

Action                     |  1- 3 |  4- 6 |  7- 9 | 10-12 || total
---------------------------+-------+-------+-------+-------++-------
  Melee: Flail             |    94 |       |       |       ||    94
         Whip              |    44 |   137 |   563 |  1345 ||  2089
         Unarmed           |       |       |       |    14 ||    14
  Throw: Dart              |       |       |       |     3 ||     3
 Invoke: Heroism           |       |       |       |     1 ||     1
    Use: Potion            |       |       |       |     6 ||     6
 Armour: Scale mail        |    77 |    80 |    44 |       ||   201
         Chain mail        |       |       |   100 |       ||   100
         Plate armour      |       |       |   109 |   783 ||   892
  Dodge: Dodged            |    56 |    78 |   165 |   383 ||   682
  Block: Buckler           |    40 |    29 |   149 |   354 ||   572

Table legend: (Time is in decaauts)
 A = Elapsed time spent in this place.
 B = Non-inter-level travel time spent in this place.
 C = Inter-level travel time spent in this place.
 D = Time resting spent in this place.
 E = Time spent auto-exploring this place.
 F = Levels seen in this place.
 G = Mean time per level.
                   A        B        C        D        E       F      G
               +--------+--------+--------+--------+--------+-----+--------+
         Total |  14884 |  14156 |    728 |   2084 |   8744 |  14 | 1063.1 |
       Dungeon |  14573 |  13985 |    588 |   2084 |   8642 |  12 | 1214.4 |
        Temple |    145 |      5 |    140 |      0 |      0 |   1 |  145.0 |
         Sewer |    165 |    165 |      0 |      0 |    101 |   1 |  165.0 |
               +--------+--------+--------+--------+--------+-----+--------+

Top non-repeatable levels by time:
     D:9: 2230 daAuts
    D:10: 1566 daAuts
     D:6: 1553 daAuts
     D:5: 1492 daAuts
    D:11: 1428 daAuts
     D:8: 1207 daAuts
    D:12: 1052 daAuts
     D:2: 850 daAuts
     D:3: 834 daAuts
     D:4: 823 daAuts
     D:7: 808 daAuts
     D:1: 724 daAuts
   Sewer: 165 daAuts
  Temple: 145 daAuts
